 Dungeon Crawl Stone Soup version 0.27-a0-535-g7eaf864cf9 (webtiles) character file.

Game seed: 1437805793749139912

51 Morbidden the Gusty (level 3, -5/20 HPs)
             Began as a Tengu Air Elementalist on Mar 6, 2021.
             Slain by Natasha (6 damage)
             ... on level 2 of the Dungeon.
             The game lasted 00:03:01 (2016 turns).

Morbidden the Gusty (Tengu Air Elementalist)        Turns: 2016, Time: 00:03:05

Health: -5/20      AC:  3    Str:  8    XL:     3   Next: 83%
Magic:  0/7        EV: 12    Int: 18    God:
Gold:   131        SH:  0    Dex: 16    Spells: 6/7 levels left

rFire    . . .     SeeInvis .   b - +0 dagger
rCold    . . .     Faith    .   (no shield)
rNeg     . . .     Spirit   +   a - +0 robe
rPois    .         Reflect  .   (helmet restricted)
rElec    .         Harm     .   (no cloak)
rCorr    .         Rampage  .   (no gloves)
Will     .....                  (boots unavailable)
Stlth    ++........             c - amulet of guardian spirit
HPRegen  0.06/turn              (no ring)
MPRegen  0.10/turn              (no ring)

@: attractive, flying, very slightly contaminated, invisible
A: beak, talons 3, molten scales 1, agile 1, clever 1, deformed body
a: no special abilities


You were on level 2 of the Dungeon.
You visited 1 branch of the dungeon, and saw 2 of its levels.

You collected 131 gold pieces.

Inventory:

Hand Weapons
 b - a +0 dagger (weapon)
Armour
 a - a +0 robe (worn)
Jewellery
 c - an amulet of guardian spirit (around neck)
Wands
 n - a wand of random effects (22)
Scrolls
 e - a scroll of blinking {unknown}
 f - 4 scrolls of identify {unknown}
 g - 2 scrolls of magic mapping {unknown}
 k - a scroll of fear {unknown}
 l - a scroll of noise {unknown}
 m - a scroll of enchant weapon {unknown}
Potions
 i - a potion of attraction


   Skills:
 * Level 1.0 Fighting
 + Level 2.2 Dodging
 + Level 2.0 Stealth
 * Level 2.6 Spellcasting
 * Level 2.3 Conjurations
 * Level 4.8 Air Magic


You had 6 spell levels left.
You knew the following spells:

 Your Spells              Type           Power      Damage    Failure   Level
a - Shock                 Conj/Air       60%        1d6       4%          1

Your spell library contained the following spells:

 Spells                   Type           Power      Damage    Failure   Level
 Swiftness                Air            19%        N/A       3%          2
 Static Discharge         Conj/Air       15%        N/A       12%         3
 Airstrike                Air            9%         N/A       24%         4
 Lightning Bolt           Conj/Air       7%         1d20      73%         5


Dungeon Overview and Level Annotations

Branches:
Dungeon (2/15)

Altars:

Annotations:
D:2 Natasha


Innate Abilities, Weirdness & Mutations

You have a beak for a mouth.
You have claws for feet.
You are partially covered in molten scales. (AC +2)
You are agile. (Dex +2)
Your mind is acute. (Int +2)
Armour fits poorly on your strangely shaped body.


Message History

Natasha barely misses you.
Casting: Shock (safe; 4% risk of failure)
Confirm with . or Enter, or press ? or * to list all spells.
You don't have enough magic to cast this spell.
Unknown command.
You barely miss Natasha. You peck Natasha, but do no damage.
Natasha is heavily wounded.
Natasha stares at you and mumbles some strange words.
The magic dart hits you!
You closely miss Natasha.
Natasha is heavily wounded.
Natasha claws you!
* * * LOW HITPOINT WARNING * * *
You are too injured to fight recklessly!
Unknown command.
It was a potion of attraction.
You feel attractive to monsters. Natasha closely misses you.
Unknown command.
It was a potion of invisibility.
You fade into invisibility!
You are very lightly contaminated with residual magic.
Unknown command.
Unknown command.
Unknown command.
Unknown command.
It was a potion of mutation.
You feel extremely strange.
You feel clever.
Molten scales grow over part of your body.
Your body twists and deforms.
You feel agile. Natasha claws you.
* * * LOW HITPOINT WARNING * * *
Unknown command.
It was a potion of flight.
You feel very buoyant.
You fly up into the air.
Natasha wildly gestures.
Natasha shimmers violently.
Natasha claws you.
You die...

.. .# #. #.# ##.####.# ##
#.......# .. #.......# .#
#..)....# .^ #.......#####.#
##....).....@..# ##.
#..........h#### #..
#........##..# ###.#
###.......##.....##...#######
###.........##.....#..........#
......................!.......#
....##########.....#...hr.....#
.#..# ......#...<......# ...##
.######........>.#


You could see Natasha.

Vanquished Creatures
  2 worms (D:1)
  A dart slug (D:1)
  A leopard gecko (D:1)
  A ball python (D:1)
  2 bats (D:1)
  3 giant cockroaches (D:1)
  7 goblins
  5 hobgoblins (D:1)
  5 jackals (D:1)
  3 kobolds
  5 frilled lizards
  4 rats
39 creatures vanquished.

Notes
Turn   | Place    | Note
-------+----------+-------------------------------------------
     0 | D:1      | Morbidden the Tengu Air Elementalist began the quest for
                  | the Orb.
     0 | D:1      | Reached XP level 1. HP: 10/10 MP: 4/4
   127 | D:1      | Reached XP level 2. HP: 16/16 MP: 3/6
   618 | D:1      | Reached XP level 3. HP: 18/20 MP: 1/7
  1017 | D:1      | Reached skill level 1 in Fighting
  1250 | D:2      | Noticed Natasha
  2015 | D:2      | Gained mutation: Your mind is acute. (Int +2) [potion of
                  | mutation]
  2015 | D:2      | Gained mutation: You are partially covered in molten
                  | scales. (AC +2) [potion of mutation]
  2015 | D:2      | Gained mutation: Armour fits poorly on your strangely
                  | shaped body. [potion of mutation]
  2015 | D:2      | Gained mutation: You are agile. (Dex +2) [potion of
                  | mutation]
  2015 | D:2      | HP: 1/20 [Natasha (5)]
  2016 | D:2      | Slain by Natasha

Illustrated notes

Levels and vault maps discovered:
D:1:      dpeg_arrival_arbitrary_a, layout_basic, minmay_tall_x
D:2:      layout_rooms, minmay_hexomino_r4, uniq_natasha

Skill      XL: |  1  2  3 |
---------------+----------+-----
Conjurations   | 2 |  2.3
Fighting       | 1 |  1.0
Dodging        | |  2.2
Stealth        | |  2.0
Spellcasting   | |  2.6
Air Magic      | |  4.8

Action                   || total
-------------------------++-------
Melee: Dagger            ||    32
       Peck              ||     5
       Kick              ||     5
 Cast: Shock             ||    97
  Use: Potion            ||     4
Armor: Robe              ||     5
Dodge: Dodged            ||    34

Table legend: (Time is in decaauts)
 A = Elapsed time spent in this place.
 B = Non-inter-level travel time spent in this place.
 C = Inter-level travel time spent in this place.
 D = Time resting spent in this place.
 E = Time spent auto-exploring this place.
 F = Levels seen in this place.
 G = Mean time per level.
                   A        B        C        D        E       F      G
               +--------+--------+--------+--------+--------+-----+--------+
         Total |   2018 |   1929 |     89 |    443 |   1173 |   2 | 1009.0 |
       Dungeon |   2018 |   1929 |     89 |    443 |   1173 |   2 | 1009.0 |
               +--------+--------+--------+--------+--------+-----+--------+

Top non-repeatable levels by time:
     D:1: 1847 daAuts
     D:2: 171 daAuts
